 Dungeon Crawl Stone Soup version 0.30.0-20-g3615ddf2f0 (webtiles) character file.

Game seed: 2697946757150555234

832 qw the Chopper (level 7, -1/44 HPs)
             Began as a Gargoyle Fighter on May 31, 2023.
             Slain by a gnoll
             ... wielding a +0 spear
             ... led by a gnoll bouda
              (2 damage)
             ... on level 6 of the Dungeon.
             The game lasted 00:02:21 (3977 turns).

qw the Chopper (Gargoyle Fighter)                   Turns: 3977, Time: 00:02:21

Health: -1/44      AC: 23    Str: 22    XL:     7   Next: 98%
Magic:  7/7        EV:  8    Int:  8    God:
Gold:   419        SH:  4    Dex:  9    Spells: 6/6 levels left

rFire   . . .        Y - +0 war axe (protect)
rCold   . . .        c - +0 buckler
rNeg    + + .        e - +0 chain mail
rPois   inf          (no helmet)
rElec   +            (no cloak)
rCorr   .            f - +0 pair of gloves
SInv    .            p - +0 pair of boots
Will    .....        (no amulet) Stlth
                     o - ring of positive energy
HPRegen 0.27/turn    (no ring)
MPRegen 0.10/turn

%: no passive effects
@: weakened, under a protective aura
A: sickness immunity, AC +4, negative energy resistance 1, electricity
resistance, torment resistance 1, petrification resistance
a: no special abilities


You were on level 6 of the Dungeon.
You visited 1 branch of the dungeon, and saw 6 of its levels.

You collected 419 gold pieces.


Innate Abilities, Weirdness & Mutations

You are immune to sickness and miasma.
Your stone body is resilient. (AC +4)
You are immune to poison.
You resist negative energy. (rN+)
You are resistant to electric shocks. (rElec)
You are resistant to unholy torment.
You are immune to petrification.


   Skills:
 - Level 5.0 Fighting
 + Level 7.0 Axes
 - Level 1.2 Throwing
 - Level 3.2 Armour
 - Level 1.6 Dodging
 - Level 3.2 Shields


You had 6 spell levels left.
You didn't know any spells.
Your spell library was empty.

Inventory:

Hand Weapons
 b - a +0 flail
 Y - a +0 war axe of protection (weapon)
Missiles
 a - 3 silver boomerangs (quivered)
 k - a boomerang
Armour
 c - a +0 buckler (worn)
 e - a +0 chain mail (worn)
 f - a +0 pair of gloves (worn)
 p - a +0 pair of boots (worn)
Jewellery
 o - a ring of positive energy (left hand)
Scrolls
 h - a scroll of identify
 s - a scroll of immolation {unknown}
Potions
 d - 2 potions of might
 g - a potion of cancellation
 i - a potion of ambrosia {unknown}
 j - a potion of berserk rage {unknown}
 l - a potion of degeneration {unknown}
 m - 2 potions of lignification
 n - a potion of attraction {unknown}
 q - a potion of mutation {unknown}
 r - a potion of curing

Dungeon Overview and Level Annotations

Branches:
Dungeon (6/15)
 Temple: D:4-7

Altars:
Elyvilon
Gozag


Message History

You hit the gnoll.
Your attacks no longer feel as feeble.
The gnoll hits you with a +0 halberd. The gnoll hits you but does no damage.
You closely miss the gnoll.
The gnoll is heavily wounded.
You hit the gnoll. The gnoll misses you. The gnoll hits you but does no damage.
The gnoll hits you with a +0 spear. The gnoll closely misses you.
The gnoll hits you from afar with a +0 spear. x2
You slash the gnoll!
You kill the gnoll!
You slash the gnoll bouda! You block the gnoll's attack.
The gnoll hits you but does no damage.
The gnoll bouda hits you but does no damage.
The gnoll hits you but does no damage.
Your Fighting skill increases to level 5!
You slash the gnoll bouda!
The gnoll bouda is severely wounded.
The gnoll hits you but does no damage. x2
The gnoll bouda calls upon its god to heal the gnoll.
The gnoll is healed somewhat.
The gnoll barely misses you.
You hit the gnoll bouda.
The gnoll bouda is almost dead.
The gnoll closely misses you. The gnoll hits you but does no damage.
The gnoll bouda gazes fiercely through you!
You feel your attacks grow feeble.
The gnoll bouda hits you but does no damage.
The gnoll closely misses you.
You hit the gnoll bouda but do no damage.
The gnoll bouda is almost dead.
The gnoll barely misses you. The gnoll hits you but does no damage.
The gnoll bouda hits you but does no damage.
The gnoll hits you but does no damage. The gnoll closely misses you.
You barely miss the gnoll bouda.
The gnoll bouda is almost dead.
The gnoll hits you from afar with a +0 spear.
The gnoll bouda mumbles some strange prayers to its god.
The gnoll bouda is healed somewhat.
The gnoll hits you from afar with a +0 spear.
You die...

....# .# ....##.#.#..
...# .........#....
...#### ..............
....... #............
....... .............
..... #..###.#.#..#
.g.#
............#####)g.#
#...............@gg.#
.............####...#
#......#.#...# ...#
...##..#.#!..####...#
#.....................
#..###.#.##.#####...###
...# #.#....# #.## #.##
#.#.##.# .# #.#
#.#.##.#


You could see a gnoll bouda and 3 gnolls.

Vanquished Creatures
  A black bear (D:6)
  2 ogres
  A bullfrog (D:6)
  2 scorpions
  A howler monkey (D:5)
  A jelly (D:5)
  Jessica (D:2)
  2 iguanas
  An orc wizard (D:5)
  5 gnolls
  7 adders
  An ufetubus (D:5)
  5 worms
  14 orcs
  8 endoplasms
  6 giant cockroaches
  7 goblins
  11 hobgoblins
  3 jackals (D:1)
  A quokka (D:2)
  8 ball pythons
  9 bats
  3 frilled lizards
  6 kobolds
  2 rats
108 creatures vanquished.

Notes
Turn   | Place    | Note
-------+----------+-------------------------------------------
     0 | D:1      | qw the Gargoyle Fighter began the quest for the Orb.
     0 | D:1      | Reached XP level 1. HP: 14/14 MP: 1/1
     0 | D:1      | 0 ||| qw: Version: 0.2-a-102-gfc559e5
     0 | D:1      | 0 ||| qw: Game counter: 511
     0 | D:1      | 0 ||| qw: Always use a shield: true
     0 | D:1      | 0 ||| qw: God list: Okawaru
     0 | D:1      | 0 ||| qw: Allow faded altars: false
     0 | D:1      | 0 ||| qw: Do Orc after D:15 true
     0 | D:1      | 0 ||| qw: Do second Lair branch before Depths: true
     0 | D:1      | 0 ||| qw: Lair rune preference: random
     0 | D:1      | 0 ||| qw: Plans: Normal, Zot:1-4, Slime:5, God:TSO, Crypt,
                  | Tomb, Pan, Hells, Abyss, Win
     0 | D:1      | 0 ||| PLANNING D:1-11
    11 | D:1      | Reached skill level 2 in Axes
   156 | D:1      | Reached XP level 2. HP: 19/19 MP: 2/2
   300 | D:1      | 300 ||| DROPPING +0 club.
   631 | D:1      | 631 ||| READING scroll labelled LIAHU OXKAEST.
   716 | D:1      | Reached skill level 3 in Axes
   738 | D:1      | Reached XP level 3. HP: 19/23 MP: 3/3
   952 | D:1      | 952 ||| READING 3 scrolls labelled ESIULU BOYQU.
   967 | D:1      | 967 ||| DRINKING 2 fizzy inky potions.
   970 | D:1      | 970 ||| DRINKING 2 lumpy inky potions.
   971 | D:1      | 971 ||| DROPPING 2 scrolls of poison.
   972 | D:1      | 972 ||| DROPPING potion of brilliance.
  1215 | D:2      | 1215 ||| Stepping ~*~*~tactically~*~*~ (stealth).
  1312 | D:2      | 1312 ||| Stepping ~*~*~tactically~*~*~ (stealth).
  1360 | D:2      | Reached XP level 4. HP: 25/28 MP: 4/4
  1528 | D:2      | Noticed Jessica
  1529 | D:2      | 1529 ||| Stepping ~*~*~tactically~*~*~ (hiding).
  1530 | D:2      | 1530 ||| Stepping ~*~*~tactically~*~*~ (hiding).
  1535 | D:2      | Killed Jessica
  1536 | D:2      | Reached skill level 4 in Axes
  1545 | D:2      | HP: 6/28 [gnoll/+0 spear (2)]
  1551 | D:2      | Reached XP level 5. HP: 5/32 MP: 5/5
  1761 | D:2      | 1761 ||| UPGRADING to +0 chain mail.
  1771 | D:2      | 1771 ||| DROPPING +0 scale mail.
  1772 | D:2      | 1772 ||| UPGRADING to +0 pair of gloves.
  1777 | D:2      | 1777 ||| READING scroll labelled ELIUWK QAFE.
  1778 | D:2      | 1778 ||| READING scroll labelled HEGUSUISTRU.
  1783 | D:2      | 1783 ||| READING scroll labelled SIURYMP VAZUSM.
  1882 | D:3      | 1882 ||| DROPPING +0 mace.
  2064 | D:3      | 2064 ||| FLEEEEING.
  2067 | D:3      | 2067 ||| FLEEEEING.
  2068 | D:3      | 2068 ||| FLEEEEING.
  2072 | D:3      | 2072 ||| FLEEEEING.
  2073 | D:3      | 2073 ||| FLEEEEING.
  2074 | D:3      | 2074 ||| FLEEEEING.
  2075 | D:3      | 2075 ||| FLEEEEING.
  2076 | D:3      | 2076 ||| FLEEEEING.
  2077 | D:3      | 2077 ||| FLEEEEING.
  2078 | D:3      | 2078 ||| FLEEEEING.
  2079 | D:3      | 2079 ||| FLEEEEING.
  2080 | D:3      | 2080 ||| FLEEEEING.
  2088 | D:3      | 2088 ||| FLEEEEING.
  2089 | D:3      | 2089 ||| FLEEEEING.
  2090 | D:3      | 2090 ||| FLEEEEING.
  2091 | D:3      | 2091 ||| FLEEEEING.
  2093 | D:3      | 2093 ||| FLEEEEING.
  2094 | D:3      | 2094 ||| FLEEEEING.
  2095 | D:3      | 2095 ||| FLEEEEING.
  2096 | D:3      | 2096 ||| FLEEEEING.
  2097 | D:3      | 2097 ||| FLEEEEING.
  2099 | D:3      | 2099 ||| STAIRDANCE
  2113 | D:2      | 2113 ||| DROPPING ring of magical power.
  2114 | D:2      | 2114 ||| READING scroll labelled ZUEFAUNAPN.
  2115 | D:2      | 2115 ||| READING 2 scrolls of identify.
  2115 | D:2      | 2115 ||| IDENTIFYING inky potion
  2201 | D:3      | Found an opulent altar of Gozag.
  2230 | D:3      | Found a white marble altar of Elyvilon.
  2258 | D:3      | Reached skill level 5 in Axes
  2596 | D:4      | 2596 ||| Stepping ~*~*~tactically~*~*~ (stealth).
  2950 | D:4      | Reached XP level 6. HP: 38/38 MP: 6/6
  3162 | D:4      | 3162 ||| READING scroll labelled EMIOTW WYNGEME.
  3163 | D:4      | 3163 ||| READING scroll labelled VEINIUPTOE.
  3164 | D:4      | 3164 ||| DRINKING 2 clear potions.
  3214 | D:5      | Entered Level 5 of the Dungeon
  3259 | D:5      | 3259 ||| FLEEEEING.
  3260 | D:5      | 3260 ||| FLEEEEING.
  3261 | D:5      | 3261 ||| FLEEEEING.
  3262 | D:5      | 3262 ||| FLEEEEING.
  3263 | D:5      | 3263 ||| FLEEEEING.
  3264 | D:5      | 3264 ||| FLEEEEING.
  3265 | D:5      | 3265 ||| FLEEEEING.
  3266 | D:5      | 3266 ||| FLEEEEING.
  3267 | D:5      | 3267 ||| FLEEEEING.
  3268 | D:5      | 3268 ||| FLEEEEING.
  3269 | D:5      | 3269 ||| FLEEEEING.
  3270 | D:5      | 3270 ||| FLEEEEING.
  3271 | D:5      | 3271 ||| FLEEEEING.
  3272 | D:5      | 3272 ||| FLEEEEING.
  3275 | D:5      | 3275 ||| STAIRDANCE
  3373 | D:5      | 3373 ||| Stepping ~*~*~tactically~*~*~ (hiding).
  3378 | D:5      | 3378 ||| DRINKING potion of curing.
  3378 | D:5      | 3378 ||| (to cure confusion)
  3383 | D:5      | Reached skill level 6 in Axes
  3500 | D:5      | Reached skill level 1 in Throwing
  3510 | D:5      | Reached skill level 1 in Dodging
  3510 | D:5      | Reached XP level 7. HP: 39/43 MP: 7/7
  3523 | D:5      | 3523 ||| Stepping ~*~*~tactically~*~*~ (stealth).
  3570 | D:5      | 3570 ||| Stepping ~*~*~tactically~*~*~ (stealth).
  3787 | D:5      | 3787 ||| UPGRADING to +0 pair of boots.
  3792 | D:5      | 3792 ||| UPGRADING to ring of positive energy.
  3864 | D:6      | 3864 ||| Stepping ~*~*~tactically~*~*~ (stealth).
  3877 | D:6      | Reached skill level 7 in Axes
  3962 | D:6      | 3962 ||| Stepping ~*~*~tactically~*~*~ (hiding).
  3963 | D:6      | 3963 ||| Stepping ~*~*~tactically~*~*~ (hiding).
  3972 | D:6      | HP: 10/44 [gnoll/+0 spear[a gnoll bouda] (3)]
  3977 | D:6      | HP: 1/44 [gnoll/+0 spear[a gnoll bouda] (6)]
  3977 | D:6      | Slain by a gnoll

Levels and vault maps discovered:
D:1:      dpeg_arrival_morbid_curiosity, layout_basic, item_on_display_a
D:2:      layout_rooms, uniq_jessica
D:3:      layout_basic, amcnicky_altar_gilded, lemuel_doored_altar
D:4:      layout_loops_ring
D:5:      layout_cave_pools, mrwooster_statue_mirror
D:6:      layout_basic, nicolae_overflow_hidden_temple, st_stairs_4,
          uniq_eustachio

Skill      XL: |  1  2  3  4  5  6  7 |
---------------+----------------------+-----
Axes           | 2 3 4 5 6 7 |  7.0
Fighting       | 4 5 |  5.0
Throwing       | 1 |  1.2
Dodging        | 1 |  1.6
Armour         | |  3.2
Shields        | |  3.2

Action                     |  1- 3 |  4- 6 |  7- 9 || total
---------------------------+-------+-------+-------++-------
  Melee: War axe           |   137 |   169 |    41 ||   347
  Throw: Boomerang         |       |    16 |     5 ||    21
    Use: Scroll            |     2 |     7 |       ||     9
         Potion            |     2 |     2 |       ||     4
 Armour: Scale mail        |    89 |    17 |       ||   106
         Chain mail        |       |    62 |    50 ||   112
  Dodge: Dodged            |    64 |    58 |    27 ||   149
  Block: Buckler           |    29 |    28 |     9 ||    66

Table legend:
 A = Non-vault XP
 B = Vault XP
 C = Vault XP percentage of total XP
 D = Non-vault monster count
 E = Vault monster count
 F = Vault count percentage of total count
                 A         B        C        D         E       F
            +---------+---------+-------+---------+---------+-------
      Total |     999 |     190 |  16.0 |      99 |       9 |   8.3
            +---------+---------+-------+---------+---------+-------
        D:1 |      33 |       9 |  21.4 |      20 |       5 |  20.0
        D:2 |      98 |      37 |  27.4 |      25 |       1 |   3.8
        D:3 |      55 |       0 |   0.0 |      19 |       0 |   0.0
        D:4 |     208 |       0 |   0.0 |      19 |       0 |   0.0
        D:5 |     376 |       0 |   0.0 |      12 |       0 |   0.0
        D:6 |     229 |     144 |  38.6 |       4 |       3 |  42.9
            +---------+---------+-------+---------+---------+-------
